AoeStats
← PäriS

Arena

509951703Analyzed
1v1 RM · 3d ago on Sep 28, 2026· 61m 24s· 2 players
Game mode
Random Map
Map size
Tiny (2 player)
Population
200
Speed
Normal
Resources
Standard
Victory
Conquest
Starting age
Dark Age
Ending age
Imperial Age
RankedLock teamsTeams togetherTeam positionsShared explorationLock speedFull tech treeHidden civsTurbo modeCheats
Victory
Defeat
🇳🇱 Franks · Netherlands
538
+14
🇩🇪 Chinese · Germany
492
-14
PäriS
9:42 Feudal Age
10:21 Double-Bit Axe
12:54 Wheelbarrow
13:24 Horse Collar
18:32 Castle Age
17:23 Loom
18:05 Stone Mining
18:52 Padded Archer Armor
20:00 Hand Cart
20:23 Fletching
22:16 Gold Mining
24:46 Thumb Ring
25:07 Crossbowman
25:46 Bodkin Arrow
26:39 Bow Saw
27:06 Heavy Plow
29:35 Gold Shaft Mining
28:29 Elite Skirmisher
29:38 Ballistics
35:08 Imperial Age
33:00 Leather Archer Armor
34:23 Stone Shaft Mining
34:18 Scale Barding Armor
37:53 Chemistry
36:57 Bracer
37:27 Ring Archer Armor
37:42 Arbalester
39:06 Rocketry
40:13 Elite Chu Ko Nu
41:18 Bloodlines
41:09 Husbandry
40:30 Light Cavalry
42:19 Heavy Rocket Cart
49:27 Chain Barding Armor
57:59 Two-Man Saw
Testudo
11:29 Feudal Age
19:09 Castle Age
17:41 Double-Bit Axe
19:05 Gold Mining
20:26 Squires
20:46 Forging
20:27 Fletching
23:09 Stone Mining
23:57 Gold Shaft Mining
25:58 Loom
26:48 Wheelbarrow
28:03 Iron Casting
28:51 Bow Saw
30:39 Hand Cart
33:28 Town Watch
36:43 Imperial Age
34:44 Husbandry
34:54 Scale Barding Armor
34:50 Padded Archer Armor
34:46 Bodkin Arrow
36:28 Ballistics
36:04 Murder Holes
36:20 Fortified Wall
36:15 Elite Skirmisher
37:26 Scale Mail Armor
37:42 Leather Archer Armor
38:24 Conscription
38:27 Cavalier
41:09 Blast Furnace
40:30 Chain Barding Armor
41:25 Chemistry
41:53 Paladin
47:20 Plate Barding Armor
47:01 Chain Mail Armor
46:28 Pikeman
52:00 Plate Mail Armor
59:29 Capped Ram
Connection lost

Rejoining the realm…

Still unreachable

The connection could not be restored.

Session expired

The server has moved on; the page needs a fresh start.